Map: White Rabbit LE

Players

LOCODEI

  • Race: Terran Terran
  • League: Platinum
  • Spawn Location: 1:00

DmitryK - Winner!

  • Race: Terran Terran
  • League: Platinum
  • Spawn Location: 7:00

VOD

Have the link to the VOD?

Description

Time

  • Played on: Jan. 13, 2026, 5:11 p.m.
  • Length: 10:58
Show
View Real Time Build Order
Export as new Build Order

LOCODEI Terran 

Build Orders:  

Get SALT Encoding   

  12  0:01  SCV  
  13  0:14  Supply Depot  
  13  0:17  SCV  
  14  0:30  Refinery, SCV  
  15  0:41  Barracks  
  15  0:51  SCV  
  16  0:58  Refinery  
  16  1:03  SCV  
  17  1:15  SCV  
  18  1:27  SCV  
  18  1:31  Factory  
  19  1:37  Barracks Tech Lab  
  20  1:40  SCV  
  20  1:47  Supply Depot  
  20  1:55  SCV  
  21  2:07  Marine, SCV  
  23  2:21  SCV  
  24  2:22  Supply Depot  
  24  2:24  Siege Tank  
  24  2:27  Marine  
  28  2:45  Marine  
  29  2:55  Orbital Command  
  29  2:56  Widow Mine  
  30  3:03  Marine  
  30  3:30  SCV  
  31  3:52  Command Center  
  31  3:53  Siege Tank  
  34  3:56  Marine  
  34  4:00  SCV  
  36  4:14  Marine  
  37  4:21  Starport  
  34  5:02  SCV  
  34  5:06  Barracks Tech Lab  
  35  5:14  SCV  
  36  5:24  Cyclone  
  39  5:32  SCV  
  39  5:35  Stimpack, Marine  
  41  5:48  Engineering Bay, Liberator  
  44  5:51  SCV  
  44  5:52  Supply Depot  
  44  5:56  Cyclone  
  48  6:07  SCV x2  
  48  6:38  Marine  
  48  6:39  Cyclone  
  52  6:40  Liberator  
  52  6:41  SCV x2  
  57  6:53  SCV  
  57  6:54  SCV  
  56  7:02  Command Center  
  56  7:05  SCV  
  57  7:14  SCV  
  58  7:18  SCV, Missile Turret x2  
  58  7:19  Missile Turret  
  59  7:23  Marauder  
  59  7:29  Orbital Command  
  61  7:41  Siege Tank  
  64  7:44  Starport Tech Lab  
  64  7:46  SCV  
  56  7:59  SCV  
  56  8:03  Marine  
  56  8:05  Viking  
  57  8:06  SCV  
  57  8:10  Refinery  
  57  8:11  SCV  
  59  8:14  SCV  
  59  8:18  SCV  
  59  8:19  Concussive Shells  
  61  8:20  Terran Infantry Armor Level 1  
  61  8:21  Marine  
  61  8:23  SCV  
  61  8:26  SCV  
  64  8:30  SCV  
  64  8:33  Supply Depot  
  64  8:34  Refinery  
  65  8:35  Viking, SCV  
  65  8:39  Marine  
  69  8:53  Missile Turret  
  69  9:03  Factory  
  69  9:04  Barracks  
  69  9:06  Factory x2  
  69  9:08  SCV x3  
  72  9:12  Marauder  
  72  9:13  Hellion  
  76  9:20  SCV  
  77  9:28  Armory  
  77  9:30  Planetary Fortress  
  77  9:39  Marauder  
  77  9:40  Siege Tank  
  82  9:53  Barracks  
  82  9:54  Marine  
  82  9:56  Factory Tech Lab x2  
  82  9:57  SCV  
  82  9:58  SCV  
  85  10:00  Marauder  
  85  10:04  Factory Tech Lab  
  87  10:12  Marine  
  88  10:18  SCV x2  
  88  10:20  Refinery, SCV  
  88  10:21  Marine, Refinery  
  91  10:25  Engineering Bay  
  92  10:29  Barracks  
  92  10:30  Marine, SCV, Barracks  
  89  10:39  Marine  
Show
View Real Time Build Order
Export as new Build Order

DmitryK Terran - Winner!

Build Orders:  

Get SALT Encoding   

  12  0:02  SCV  
  13  0:14  SCV  
  13  0:19  Supply Depot  
  14  0:26  SCV  
  15  0:40  SCV  
  15  0:41  Barracks  
  16  0:45  Refinery  
  16  0:52  SCV  
  17  0:59  Barracks  
  17  1:05  SCV  
  18  1:15  Barracks  
  18  1:19  SCV  
  19  1:31  SCV  
  20  1:33  Reaper  
  20  1:39  Refinery  
  21  1:42  Supply Depot  
  21  1:51  Reaper  
  21  1:52  SCV  
  23  2:04  SCV  
  24  2:08  Reaper  
  25  2:16  SCV  
  25  2:17  Reaper  
  27  2:28  SCV  
  28  2:33  Reaper  
  29  2:43  Orbital Command  
  29  2:52  Reaper  
  29  2:53  Command Center  
  30  2:59  Supply Depot  
  30  3:03  Reaper  
  31  3:19  SCV  
  30  3:28  Reaper x2  
  32  3:40  SCV  
  31  3:44  Factory  
  31  3:48  Factory  
  31  3:52  SCV  
  32  4:04  SCV  
  32  4:06  Refinery  
  33  4:16  SCV  
  34  4:19  Orbital Command  
  34  4:20  Barracks Tech Lab  
  34  4:23  Barracks Reactor  
  34  4:28  SCV  
  32  4:40  Factory Tech Lab, SCV  
  33  4:52  SCV  
  34  5:01  Siege Tank  
  34  5:02  Starport  
  34  5:03  SCV  
  34  5:04  SCV  
  39  5:13  Siege Tank  
  42  5:15  SCV  
  42  5:17  SCV  
  42  5:20  Refinery  
  44  5:27  SCV  
  45  5:29  SCV  
  45  5:35  Supply Depot  
  46  5:39  SCV  
  46  5:41  SCV  
  47  5:44  Viking  
  47  5:45  Viking, Siege Tank  
  54  5:53  Supply Depot  
  54  5:56  SCV x2  
  56  5:59  Siege Tank  
  59  6:06  Supply Depot  
  59  6:08  SCV x2  
  60  6:18  Liberator  
  62  6:28  SCV  
  63  6:37  Siege Tank  
  63  6:38  Liberator  
  69  7:00  Supply Depot  
  69  7:04  Command Center  
  69  7:05  Engineering Bay  
  69  7:17  Supply Depot  
  69  7:21  SCV  
  70  7:23  Supply Depot  
  70  7:30  Supply Depot  
  70  7:38  Viking, SCV x2, Siege Tank  
  70  7:39  Missile Turret  
  77  7:45  Viking  
  77  7:47  Supply Depot  
  77  7:50  SCV x2  
  69  8:02  Siege Tank, SCV x2  
  71  8:10  Cyclone  
  74  8:13  Factory  
  74  8:14  SCV  
  74  8:15  SCV  
  76  8:27  SCV x2  
  78  8:30  Liberator  
  81  8:34  Cyclone  
  81  8:38  Refinery  
  81  8:39  SCV x2  
  86  8:45  Refinery  
  86  8:46  Armory  
  86  8:51  SCV x2  
  88  8:56  Siege Tank  
  88  9:02  Factory Reactor  
  91  9:03  SCV x2  
  91  9:08  Missile Turret  
  93  9:14  Starport  
  93  9:15  SCV x2  
  95  9:18  Fusion Core  
  95  9:20  Planetary Fortress  
  95  9:27  SCV x2  
  97  9:37  Hellbat  
  97  9:38  Siege Tank  
  102  9:39  SCV x2  
  102  9:40  Viking x2  
  108  9:46  Starport  
  108  9:51  SCV x2  
  108  10:01  Starport  
  108  10:03  SCV  
  108  10:06  Siege Tank  
  112  10:07  Starport Tech Lab  
  112  10:11  Liberator  
Tags
 
Add a new tag
Caveats
  • Supply blocks, unpowered buildings, or Contaminate may cause inaccurate times.
  • Supply counts are checked every 10 seconds.